 Dungeon Crawl Stone Soup version 0.19.5 (webtiles) character file.

6538 fili the Fighter (level 10, 0/102 HPs)
             Began as a Minotaur Berserker on Mar 8, 2017.
             Was an Elder of Trog.
             Killed from afar by North's ghost (14 damage)
             ... with a shard of ice
             ... on level 9 of the Dungeon on Mar 14, 2017.
             The game lasted 02:03:03 (9918 turns).

fili the Fighter (Minotaur Berserker)               Turns: 9918, Time: 02:03:06

Health: 0/102      AC: 19    Str: 25    XL:     10   Next: 70%
Magic:  9/9        EV:  8    Int:  4    God:    Trog [****..]
Gold:   506        SH:  0    Dex: 10    Spells: 0 memorised, 9 levels left

rFire  + . .     SeeInvis .     a - +2 hand axe (freeze)
rCold  . . .     Gourm    .     k - +1 plate armour
rNeg   . . .     Faith    .     (no shield)
rPois  .         Spirit   .     (helmet restricted)
rElec  .         Reflect  .     K - +0 cloak
rCorr  .         Harm     .     f - +0 pair of gloves
MR     .....                    l - +0 pair of boots
Stlth  ..........               C - amulet of regeneration
                                (no ring)
                                (no ring)

@: drained
A: retaliatory headbutt, horns 2, fire resistance 1
a: Berserk, Trog's Hand, Brothers in Arms, Burn Spellbooks, Renounce Religion


You were on level 9 of the Dungeon.
You worshipped Trog.
Trog was greatly pleased with you.
You were not hungry.

You visited 1 branch of the dungeon, and saw 9 of its levels.

You collected 506 gold pieces.

Inventory:

Hand Weapons
 a - a +2 hand axe of freezing (weapon)
 b - a +3 longbow of flaming
 L - a +0 trident of holy wrath
 M - a +1 mace of holy wrath
Missiles
 e - 56 arrows
 j - 10 tomahawks (quivered)
 D - 13 poisoned needles
Armour
 f - a +0 pair of gloves (worn)
 k - a +1 plate armour (worn)
 l - a +0 pair of boots (worn)
 K - a +0 cloak (worn)
Jewellery
 t - an uncursed ring of flight
 C - an amulet of regeneration (around neck)
 G - an uncursed amulet of faith
Wands
 o - a wand of slowing (29/48)
 p - a wand of flame (30/48)
 u - a wand of flame (29/48)
 y - a wand of acid (9/15)
 A - a wand of lightning (10/15)
 I - a wand of lightning (8/15)
Scrolls
 m - a scroll of noise
 q - 3 scrolls of amnesia
 r - a scroll of identify
 s - 3 scrolls of enchant weapon
 x - 4 scrolls of teleportation
 E - a scroll of remove curse {unknown}
 F - 2 scrolls of recharging
Potions
 i - a potion of lignification
 w - 2 potions of curing
 z - a potion of resistance {unknown}
 B - a potion of might
Books
 v - a book of Cantrips

   Spells                             Type                      Level
   a - Confusing Touch                Hexes                        1
   b - Animate Skeleton               Necromancy                   1
   c - Summon Small Mammal            Summoning                    1
   d - Apportation                    Translocation                1
   Trog disapproves of the use of such an item.
 H - a Young Poisoner's Handbook

   Spells                             Type                      Level
   a - Sting                          Conjuration/Poison           1
   b - Mephitic Cloud                 Conjuration/Poison/Air       3
   c - Olgreb's Toxic Radiance        Poison                       4
   d - Alistair's Intoxication        Transmutation/Poison         5
   e - Venom Bolt                     Conjuration/Poison           5
   Trog disapproves of the use of such an item.
Comestibles
 c - 16 bread rations
 d - 2 chunks of flesh
 g - 7 meat rations
 h - a beef jerky
 O - a slice of pizza


   Skills:
 * Level 13.6(12.7) Fighting
 + Level 8.0(8.3) Axes
 - Level 6.8(7.7) Maces & Flails
 + Level 10.0(9.2) Armour
 - Level 2.1(1.5) Dodging


You had 9 spell levels left.
You didn't know any spells.

Dungeon Overview and Level Annotations

Branches:
Dungeon (9/15)             Temple (0/1) D:4            Lair (0/6) D:9
    Orc (0/2) D:9

Altars:
Dithmenos
Hepliaklqana
Makhleb
Nemelex Xobeh
Ru
Sif Muna
Uskayaw
Vehumet

Shops:
D:6 [

Annotations:
D:9 North's ghost, novice DrIE


Innate Abilities, Weirdness & Mutations

You reflexively headbutt those who attack you in melee.
You have a pair of horns on your head.
Your flesh is heat resistant. (rF+)


Message History

Your black bear barely misses North's ghost. x2
North's ghost hits you but does no damage.
Your black bear bites North's ghost but does no damage.
Your black bear claws North's ghost but does no damage.
Your black bear closely misses North's ghost.
North's ghost gestures at you while chanting.
You are frozen.
* * * LOW HITPOINT WARNING * * *
Your black bear barely misses North's ghost.
Your black bear misses North's ghost.
Your black bear claws North's ghost but does no damage.
There is a staircase to the Lair here.
You hit North's ghost but do no damage. You headbutt North's ghost!
North's ghost is severely damaged.
Your black bear closely misses North's ghost.
Your black bear claws North's ghost.
Your black bear closely misses North's ghost.
North's ghost casts a spell at you. The shard of ice hits you!
You die...

#.........######.....#####.......
#.............≈≈≈≈≈≈......##.....
#.........≈..≈≈≈≈≈≈≈.≈..≈.##.....
####..≈≈≈..≈≈≈≈≈≈≈≈≈......####.##
#...≈.(.≈≈≈≈≈≈≈≈≈≈≈≈≈..# ##.#
#.o.≈≈≈≈(≈≈≈(≈≈≈≈≈≈≈≈..###..#
###..≈≈≈≈≈≈..≈..≈.≈≈≈≈....##.##
#.o..≈≈≈≈≈≈≈≈....≈≈≈≈≈.≈..##'###
#.#............@..≈≈≈≈..........
#.#..≈≈≈≈≈≈....W.≈≈≈.≈≈..##.....
##.#.....≈≈≈≈..h≈..≈≈≈.....#.....
......≈≈≈≈≈≈≈≈≈≈.≈≈≈≈.≈≈...#.....
)##....≈≈≈≈≈≈≈≈≈≈≈≈≈≈≈.....'.....
.###.....≈≈..≈≈.≈≈≈).≈....##.....
## #....≈.....[.≈.≈.......#####'#
..?........≈..........# #.#
###'##########.'###### #.#


You could see North's ghost and a friendly black bear (berserk).

Vanquished Creatures
  Pikel (D:9)
  A troll (D:9)
  Sigmund (D:2)
  A spriggan (D:7)
  A wraith (D:9)
  Grum (D:9)
  2 water moccasins
  A black bear (D:9)
  4 orc warriors
  3 ice beasts
  A slave (D:9)
  3 ogres
  2 phantoms
  4 wolves (D:9)
  3 centaurs
  A big kobold (D:8)
  3 bullfrogs
  Blork the orc (D:4)
  A gnoll sergeant (D:7)
  A wyvern skeleton (D:8)
  5 scorpions
  12 killer bees
  A howler monkey (D:8)
  An electric eel (D:9)
  A centaur zombie (D:5)
  6 crimson imps
  10 hounds
  2 jellies (D:7)
  9 orc priests
  3 bullfrog skeletons
  2 centaur skeletons (D:8)
  Jessica (D:2)
  Natasha (thrice) (D:2 D:4)
  Ijyb (D:2)
  4 iguanas
  8 orc wizards
  2 worker ants
  A hound zombie (D:8)
  3 hound skeletons
  2 worker ant zombies
  14 gnolls
  9 adders
  An ooze (D:5)
  An adder zombie (D:9)
  2 worms
  4 dart slugs
  5 leopard geckos
  25 orcs
  5 giant cockroaches
  9 goblins
  4 hobgoblins (D:1)
  10 jackals
  12 kobolds
  5 quokkas
  4 ball pythons
  5 bats
  5 frilled lizards
  A leopard gecko skeleton (D:4)
  A leopard gecko zombie (D:8)
  6 rats
241 creatures vanquished.

Vanquished Creatures (collateral kills)
  2 wolves (D:9)
2 creatures vanquished.

Vanquished Creatures (others)
  3 slaves (D:9)
  A sky beast (D:9)
  An orc wizard (D:8)
  An orc (D:9)
6 creatures vanquished.

Grand Total: 249 creatures vanquished

Notes
Turn   | Place    | Note
-------+----------+-------------------------------------------
     0 | D:1      | fili the Minotaur Berserker began the quest for the Orb.
     0 | D:1      | Reached XP level 1. HP: 19/19 MP: 0/0
    53 | D:1      | Reached skill level 4 in Fighting
    57 | D:1      | Reached XP level 2. HP: 26/27 MP: 1/1
   489 | D:1      | Reached XP level 3. HP: 30/33 MP: 2/2
   491 | D:1      | Found a sparkling altar of Nemelex Xobeh.
   646 | D:1      | Reached ** piety under Trog
   837 | D:2      | Noticed Natasha
   844 | D:2      | Killed Natasha
   904 | D:2      | Reached XP level 4. HP: 29/41 MP: 3/3
   934 | D:2      | Reached skill level 5 in Fighting
  1001 | D:2      | Noticed Ijyb
  1007 | D:2      | Noticed Sigmund
  1010 | D:2      | Killed Ijyb
  1011 | D:2      | Noticed Jessica
  1029 | D:2      | Killed Sigmund
  1029 | D:2      | Reached skill level 6 in Fighting
  1029 | D:2      | Reached skill level 5 in Maces & Flails
  1029 | D:2      | Reached XP level 5. HP: 24/50 MP: 4/4
  1030 | D:2      | Killed Jessica
  1030 | D:2      | Reached XP level 6. HP: 28/58 MP: 5/5
  1055 | D:2      | Noticed Natasha
  1063 | D:2      | Killed Natasha
  1079 | D:2      | Gained mutation: You are resistant to electric shocks. (rElec) [potion of mutation]
  1079 | D:2      | Gained mutation: You expend magic power (3 MP) to strengthen your wands. [potion of mutation]
  1079 | D:2      | Gained mutation: Your flesh is heat resistant. (rF+) [potion of mutation]
  1380 | D:2      | Gained mutation: You have large cloven feet. [potion of mutation]
  1380 | D:2      | Gained mutation: You have very sharp teeth. [potion of mutation]
  1380 | D:2      | Gained mutation: Your system is resistant to poisons. (rPois) [potion of mutation]
  2098 | D:3      | Found a burning altar of Makhleb.
  2152 | D:3      | Reached skill level 7 in Fighting
  2423 | D:4      | Found a staircase to the Ecumenical Temple.
  2428 | D:4      | Noticed Natasha
  2442 | D:4      | Killed Natasha
  2536 | D:4      | Found a hide-covered altar of Uskayaw.
  2537 | D:4      | Noticed a dagger
  2538 | D:4      | Noticed a dagger
  2706 | D:4      | Reached XP level 7. HP: 60/66 MP: 6/6
  2709 | D:4      | Reached skill level 5 in Armour
  2711 | D:4      | Reached *** piety under Trog
  2801 | D:4      | Noticed Blork the orc
  2811 | D:4      | Killed Blork the orc
  3019 | D:4      | Reached skill level 8 in Fighting
  3105 | D:5      | Entered Level 5 of the Dungeon
  3492 | D:5      | Found a radiant altar of Vehumet.
  3540 | D:5      | Reached XP level 8. HP: 63/77 MP: 7/7
  3651 | D:5      | Reached skill level 9 in Fighting
  3651 | D:5      | Reached skill level 1 in Axes
  3669 | D:5      | Found a sand-covered staircase.
  4099 | D:6      | Found a shadowy altar of Dithmenos.
  4125 | D:6      | Found Kuxt's Armour Shoppe.
  4132 | D:6      | Lost mutation: You have very sharp teeth. [potion of cure mutation]
  4132 | D:6      | Lost mutation: Your system is resistant to poisons. (rPois) [potion of cure mutation]
  4132 | D:6      | Lost mutation: You have large cloven feet. [potion of cure mutation]
  4132 | D:6      | Lost mutation: You are resistant to electric shocks. (rElec) [potion of cure mutation]
  4132 | D:6      | Lost mutation: You expend magic power (3 MP) to strengthen your wands. [potion of cure mutation]
  4330 | D:6      | Reached **** piety under Trog
  4330 | D:6      | Reached skill level 10 in Fighting
  4924 | D:7      | Reached XP level 9. HP: 86/86 MP: 8/8
  5380 | D:7      | Found a hazy altar of Hepliaklqana.
  5535 | D:7      | Reached skill level 11 in Fighting
  5771 | D:7      | Reached skill level 5 in Axes
  6045 | D:7      | Found a sacrificial altar of Ru.
  6732 | D:8      | Reached skill level 12 in Fighting
  6769 | D:8      | Reached ***** piety under Trog
  6803 | D:8      | Found a deep blue altar of Sif Muna.
  7650 | D:8      | Reached XP level 10. HP: 97/97 MP: 9/9
  7893 | D:9      | Noticed North's ghost (novice DrIE)
  8144 | D:9      | Received a gift from Trog
  8399 | D:9      | Found a staircase to the Orcish Mines.
  8405 | D:9      | Noticed Pikel
  8422 | D:9      | Killed Pikel
  8697 | D:9      | Reached skill level 13 in Fighting
  9024 | D:9      | Found a burning altar of Makhleb.
  9162 | D:9      | Noticed Grum
  9170 | D:9      | Killed Grum
  9430 | D:9      | Found a staircase to the Lair.
  9475 | D:9      | Reached skill level 10 in Armour
  9918 | D:9      | Killed from afar by North's ghost

Skill      XL: |  1  2  3  4  5  6  7  8  9 10 |
---------------+-------------------------------+-----
Fighting       | 4 6 7 8 10 12 13 | 13.6
Maces & Flails | 4 5 6 |  6.8
Armour         | 3 4 5 7 9 10 | 10.0
Axes           | 3 6 8 |  8.0
Dodging        | |  2.1

Action                   |  1- 3 |  4- 6 |  7- 9 | 10-12 || total
-------------------------+-------+-------+-------+-------++-------
Melee: Mace              |    64 |   122 |    74 |     8 ||   268
       Headbutt          |    15 |    10 |    81 |    33 ||   139
       Kick              |       |    16 |    15 |       ||    31
       Bite              |       |     8 |    21 |       ||    29
       Hand axe          |       |       |   325 |   148 ||   473
 Fire: Shortbow          |       |       |    33 |    18 ||    51
       Longbow           |       |       |       |    17 ||    17
Throw: Tomahawk          |       |       |     5 |       ||     5
Invok: Berserk           |     1 |     1 |       |     1 ||     3
       Trog's Hand       |       |     1 |       |     1 ||     2
       Burn Spellbooks   |       |       |     1 |       ||     1
       Brothers in Arms  |       |       |       |     4 ||     4
  Use: Scroll            |     3 |     3 |    10 |     2 ||    18
       Potion            |     2 |     3 |     6 |     2 ||    13
  Eat: Chunk             |     1 |     6 |    13 |     5 ||    25
       Bread ration      |       |       |     1 |     1 ||     2
Armor: Animal skin       |     6 |       |       |       ||     6
       Ring mail         |     4 |    26 |       |       ||    30
       Plate armour      |       |    53 |   243 |   112 ||   408
Dodge: Dodged            |    44 |    60 |   147 |    73 ||   324
